Map: Orbital Shipyard

Players

Kruver - Winner!

  • Race: Zerg Zerg
  • League: Diamond

BeagleBoy

  • Race: Protoss Protoss
  • League: Diamond

VOD

Have the link to the VOD?

Description

Time

  • Played on: Feb. 16, 2016, 9:30 p.m.
  • Length: 24:36
Show
View Real Time Build Order
Export as new Build Order

Kruver Zerg - Winner!

Build Orders: Hatch First 

Get SALT Encoding   

  12  0:14  Drone x2  
  12  0:20  Overlord  
  14  0:26  Drone, Extractor  
  15  0:39  Drone  
  16  0:51  Drone  
  17  0:57  Drone  
  17  1:01  Hatchery  
  17  1:08  Drone  
  18  1:16  Spawning Pool  
  17  1:19  Drone  
  17  1:24  Extractor  
  17  1:30  Drone  
  18  1:40  Drone  
  19  1:52  Overlord  
  19  2:03  Drone  
  19  2:04  Queen  
  22  2:13  Extractor, Queen  
  23  2:22  Roach Warren  
  22  2:26  Overlord  
  20  3:03  Roach x2  
  28  3:10  Roach  
  26  3:15  Roach  
  26  3:17  Overlord  
  28  3:32  Roach x3  
  34  3:38  Queen  
  36  3:44  Hatchery  
  35  3:59  Roach  
  35  4:00  Roach x2  
  41  4:06  Roach  
  43  4:16  Ravager  
  44  4:20  Ravager  
  41  4:35  Drone x4  
  45  4:57  Drone  
  45  4:58  Drone x2  
  48  5:04  Ravager  
  49  5:17  Roach  
  51  5:25  Overlord  
  51  5:26  Overlord  
  51  5:37  Overlord x2  
  51  5:51  Roach x2  
  51  5:52  Roach x3  
  62  5:57  Ravager  
  62  6:01  Queen  
  64  6:17  Ravager x3  
  68  6:18  Drone x3  
  68  6:19  Drone  
  68  6:44  Ravager  
  68  6:45  Ravager x2  
  71  6:55  Zergling x8  
  71  6:56  Zergling x8  
  76  7:17  Zergling x4  
  78  7:24  Zergling x4  
  60  7:43  Zergling x6  
  60  7:44  Zergling x2  
  42  8:07  Lair, Hatchery  
  42  8:08  Zergling x10  
  42  8:09  Metabolic Boost  
  46  8:15  Hatchery  
  45  8:24  Hatchery  
  44  8:29  Drone x2  
  44  8:30  Drone x2  
  46  8:45  Roach x4  
  46  8:47  Spine Crawler x2  
  51  8:49  Zergling x2  
  52  8:57  Roach  
  52  8:58  Roach  
  52  9:15  Zergling x8  
  45  9:40  Drone  
  45  9:41  Drone x5  
  45  10:13  Roach x2  
  45  10:14  Roach x4  
  56  10:24  Hatchery  
  56  10:28  Roach x4  
  59  10:29  Queen  
  65  10:41  Spine Crawler  
  62  10:45  Roach  
  61  10:58  Roach x4  
  66  11:05  Queen  
  70  11:11  Roach x2  
  72  11:28  Hatchery  
  72  11:30  Zergling x4  
  72  11:31  Zergling x4  
  75  11:34  Extractor x2  
  75  11:39  Spine Crawler  
  72  12:04  Hatchery  
  69  12:12  Zergling x2  
  69  12:13  Zergling x10  
  64  12:27  Zergling x8  
  64  12:28  Zergling x2  
  47  12:37  Roach  
  47  12:41  Queen, Roach  
  44  12:49  Lair  
  43  13:03  Drone x2  
  43  13:04  Queen  
  47  13:06  Drone x3  
  49  13:17  Roach  
  52  13:26  Extractor  
  51  13:29  Spine Crawler  
  50  13:45  Spine Crawler  
  50  13:47  Roach x2  
  50  13:48  Roach  
  54  13:57  Roach  
  54  13:59  Drone x4  
  54  14:00  Drone x5, Hatchery  
  63  14:15  Spine Crawler  
  62  14:18  Drone x2  
  62  14:19  Drone  
  65  14:24  Extractor  
  65  14:26  Extractor  
  63  14:36  Roach Warren  
  62  15:02  Roach Warren  
  61  15:15  Extractor  
  61  15:16  Roach  
  61  15:17  Extractor, Roach x6  
  73  15:33  Spine Crawler  
  72  15:40  Roach x3  
  72  15:41  Roach  
  80  16:08  Glial Reconstitution  
  80  16:17  Roach x2  
  81  16:26  Zergling x6  
  81  16:27  Zergling x4  
  86  16:42  Ravager  
  87  16:49  Overlord x3  
  87  16:57  Hatchery  
  84  17:17  Roach x4  
  84  17:18  Roach x2  
  92  17:28  Roach x3  
  69  17:39  Roach x2  
  67  18:00  Ravager x3  
  38  18:58  Roach x4  
  46  19:08  Drone x2  
  48  19:26  Roach x2  
  48  19:27  Roach  
  34  19:55  Zergling x14  
  41  20:01  Drone x2  
  41  20:03  Drone  
  44  20:09  Drone  
  36  20:35  Roach x2  
  37  20:36  Roach x3  
  42  20:57  Zergling x4  
  42  20:58  Zergling x6  
  42  21:00  Zergling x6  
  48  21:12  Zergling x6  
  51  21:22  Zergling x4  
  34  22:23  Extractor  
  29  23:13  Extractor  
  26  23:27  Extractor  
  25  23:57  Extractor  
Show
View Real Time Build Order
Export as new Build Order

BeagleBoy Protoss 

Build Orders: Forge Fast Expand (FFE) 

Get SALT Encoding   

  12  0:01  Probe (Chrono Boost)  
  13  0:11  Probe (Chrono Boost)  
  14  0:21  Pylon  
  14  0:22  Probe (Chrono Boost)  
  15  0:39  Forge  
  15  0:43  Probe (Chrono Boost)  
  16  0:53  Probe (Chrono Boost)  
  17  1:19  Pylon  
  17  1:32  Nexus  
  17  1:50  Photon Cannon x2  
  17  1:53  Pylon  
  17  2:12  Photon Cannon  
  17  2:14  Photon Cannon  
  17  2:19  Probe (Chrono Boost)  
  18  2:26  Gateway  
  18  2:28  Photon Cannon  
  18  2:32  Probe (Chrono Boost)  
  19  2:43  Probe (Chrono Boost)  
  20  2:46  Photon Cannon  
  20  2:49  Probe (Chrono Boost)  
  21  2:56  Assimilator  
  22  3:00  Probe (Chrono Boost)  
  22  3:04  Assimilator  
  22  3:15  Pylon  
  22  3:20  Cybernetics Core  
  22  3:25  Probe (Chrono Boost)  
  24  3:27  Probe (Chrono Boost)  
  24  3:38  Photon Cannon  
  24  3:39  Probe (Chrono Boost)  
  24  3:40  Probe (Chrono Boost)  
  26  3:47  Zealot  
  28  3:50  Probe (Chrono Boost)  
  28  3:51  Probe (Chrono Boost)  
  30  4:07  Robotics Facility  
  30  4:12  Pylon  
  30  4:19  Assimilator  
  30  4:21  Assimilator  
  30  4:26  Pylon  
  30  4:30  Warp Gate (Chrono Boost)  
  30  4:44  Gateway  
  30  4:46  Gateway  
  30  4:51  Mothership Core (Chrono Boost)  
  31  5:13  Immortal (Chrono Boost)  
  35  5:15  Probe (Chrono Boost)  
  35  5:16  Probe (Chrono Boost)  
  35  5:27  Probe x2 (Chrono Boost)  
  35  5:28  Gateway  
  37  5:36  Probe  
  37  5:38  Probe  
  39  5:47  Probe  
  40  5:50  Gateway, Probe  
  40  5:53  Pylon  
  41  5:58  Probe  
  41  5:59  Immortal (Chrono Boost)  
  41  6:02  Probe  
  47  6:06  Pylon  
  47  6:08  Probe  
  48  6:24  Pylon  
  48  6:37  Pylon  
  46  6:56  Stalker x5  
  49  7:18  Immortal (Chrono Boost)  
  49  7:21  Stalker x2  
  49  7:22  Stalker x3  
  59  7:45  Probe (Chrono Boost)  
  59  7:47  Mothership Core (Chrono Boost)  
  60  7:54  Stalker x2  
  60  7:55  Stalker  
  64  8:03  Probe (Chrono Boost)  
  66  8:05  Probe (Chrono Boost)  
  66  8:15  Warp Prism (Chrono Boost)  
  66  8:18  Nexus  
  68  8:27  Stalker  
  68  8:31  Pylon  
  70  8:35  Nexus  
  70  8:49  Probe  
  70  8:52  Pylon x2  
  53  9:34  Zealot  
  53  9:35  Zealot x4  
  50  10:06  Zealot x3  
  50  10:07  Zealot x2  
  56  10:26  Zealot x3  
  62  10:31  Stalker x2  
  62  10:33  Immortal (Chrono Boost)  
  68  10:51  Stalker x3  
  60  11:08  Immortal (Chrono Boost)  
  60  11:46  Zealot  
  60  11:47  Zealot x4  
  66  12:17  Zealot x2  
  66  12:18  Zealot x3  
  54  12:37  Zealot x3  
  54  12:39  Zealot x2  
  56  12:47  Immortal (Chrono Boost)  
  56  12:50  Mothership Core  
  58  12:56  Zealot  
  52  13:08  Zealot x4  
  60  13:21  Immortal (Chrono Boost)  
  60  13:25  Zealot  
  62  13:55  Immortal (Chrono Boost)  
  62  13:58  Zealot x3  
  62  13:59  Zealot x2  
  62  14:29  Immortal (Chrono Boost)  
  66  14:32  Pylon x2  
  66  14:37  Zealot x4  
  74  15:04  Immortal (Chrono Boost)  
  62  15:29  Zealot x4  
  62  15:30  Zealot  
  69  15:51  Zealot x5  
  69  16:10  Pylon  
  67  16:12  Pylon  
  67  16:14  Pylon  
  67  16:29  Twilight Council  
  67  16:35  Zealot x2  
  67  16:36  Zealot x3  
  67  16:39  Probe  
  78  16:47  Probe  
  78  16:48  Assimilator  
  78  16:51  Probe  
  78  16:54  Assimilator  
  80  16:57  Probe, Assimilator  
  80  16:58  Assimilator  
  81  17:03  Probe  
  81  17:08  Probe  
  82  17:10  Zealot x2  
  82  17:11  Zealot x3  
  92  17:15  Probe  
  92  17:18  Probe  
  79  17:27  Probe  
  79  17:29  Probe  
  62  17:31  Zealot x5  
  63  17:50  Zealot  
  57  18:05  Zealot x4  
  52  18:21  Zealot  
  46  18:32  Zealot x4  
  40  18:59  Probe  
  41  19:10  Probe  
  41  19:13  Zealot x4  
  49  19:20  Probe  
  44  19:31  Probe  
  43  19:41  Probe  
  30  22:09  Probe  
Tags
 
Add a new tag
Caveats
  • Supply blocks, unpowered buildings, or Contaminate may cause inaccurate times.
  • Supply counts are checked every 10 seconds.